 Dungeon Crawl Stone Soup version 0.21.1-1-g345015f (webtiles) character file.

38 selamuse the Sneak (level 3, 0/16 HPs)
             Began as a Spriggan Enchanter on Mar 18, 2018.
             Slain by a worm (8 damage)
             ... on level 2 of the Dungeon.
             The game lasted 00:08:56 (1610 turns).

selamuse the Sneak (Spriggan Enchanter)             Turns: 1610, Time: 00:08:57

Health: 0/16       AC:  2    Str:  4    XL:     3   Next: 25%
Magic:  8/8        EV: 17    Int: 17    God:
Gold:   60         SH:  5    Dex: 16    Spells: 6/7 levels left

rFire    . . .     SeeInvis +   a - +1 dagger
rCold    . . .     Gourm    .   k - +0 buckler
rNeg     . . .     Faith    .   b - +0 robe
rPois    .         Spirit   .   (helmet restricted)
rElec    .         Reflect  .   (no cloak)
rCorr    .         Harm     .   (gloves unavailable)
MR       .....                  (boots unavailable)
Stlth    +++.......             (no amulet)
HPRegen  0.05/turn              (no ring)
MPRegen  0.11/turn              (no ring)

@: very quick
A: very small, unfitting armour, see invisible, herbivore, speed 3, slow
metabolism 2
a: no special abilities


You were on level 2 of the Dungeon.
You were not hungry.

You visited 1 branch of the dungeon, and saw 2 of its levels.

You collected 60 gold pieces.

Inventory:

Hand Weapons
 a - a +1 dagger (weapon)
Missiles
 e - 19 stones
 j - 3 tomahawks (quivered)
Armour
 b - a +0 robe (worn)
 k - a +0 buckler (worn)
Scrolls
 f - a scroll of immolation {unknown}
 h - a scroll of enchant weapon {unknown}
Potions
 g - 2 potions of flight
 i - a potion of cancellation {unknown}
 l - a potion of curing {unknown}
Books
 c - a book of Maledictions

   Spells                             Type                      Level
   a - Corona                         Hexes                        1
   b - Ensorcelled Hibernation        Hexes/Ice                    2
   c - Confuse                        Hexes                        3
   d - Tukima's Dance                 Hexes                        3
   e - Dazzling Spray                 Conjuration/Hexes            3
Comestibles
 d - 3 rations


   Skills:
 + Level 1.6 Short Blades
 + Level 0.1 Throwing
 + Level 3.1 Dodging
 + Level 5.2 Stealth
 + Level 2.9 Spellcasting
 + Level 4.3 Hexes


You had 6 spell levels left.
You knew the following spells:

 Your Spells              Type           Power        Failure   Level  Hunger
a - Corona                Hex            ###....      4%          1    None


Dungeon Overview and Level Annotations

Branches:
Dungeon (2/15)

Altars:
Ru


Innate Abilities, Weirdness & Mutations

You are very small and have problems with some larger weapons.
You are too small for most types of armour.
You have supernaturally acute eyesight. (SInv)
You are a herbivore.
You cover ground extremely quickly.
You need consume almost no food.


Message History

You throw a tomahawk. The tomahawk barely misses the goblin.
The tomahawk hits the worm.
The worm is lightly wounded.
The goblin closely misses you.
Throwing (i - inventory. (,) - cycle):
j - 5 tomahawks (quivered)
Press: ? - help, Shift-Dir - straight line, f/p - goblin
Aim: a goblin, wielding a club (moderately wounded)
You throw a tomahawk.
The tomahawk hits the goblin but does no damage.
The goblin is moderately wounded.
Throwing (i - inventory. (,) - cycle):
j - 4 tomahawks (quivered)
Press: ? - help, Shift-Dir - straight line, f/p - goblin
Aim: a goblin, wielding a club (moderately wounded)
You throw a tomahawk. The tomahawk hits the goblin.
You kill the goblin!
Things that are here:
a club; a goblin corpse You hit the worm but do no damage.
The worm bites you!
Ouch! That really hurt!
You die...

# #....#.##...#.#.##
# #.##......_......#
#
#.###.#.#...##.#....#
# #.# #.#.##.###.#
##.# # #.#
#.#....###.# # #.#
#.####.....# # #.#
#......##### #.#
###.########.#.# #.#
...........)@w†# #.#
##.###########.# #.#
#.# #.# .#..###g###
#$#
#.........###.#######
#.#######..w(.).(....
## #.###.....### #
#.. .........
+..######.###


You could see a worm.

Vanquished Creatures
  An adder (D:2)
  A dart slug (D:1)
  A leopard gecko (D:1)
  2 giant cockroaches (D:1)
  5 goblins
  2 hobgoblins (D:1)
  A ball python (D:1)
  4 bats (D:1)
  3 frilled lizards (D:1)
  A kobold (D:2)
  7 rats
28 creatures vanquished.

Notes
Turn   | Place    | Note
-------+----------+-------------------------------------------
     0 | D:1      | selamuse the Spriggan Enchanter began the quest for the Orb.
     0 | D:1      | Reached XP level 1. HP: 9/9 MP: 5/5
   532 | D:1      | Reached XP level 2. HP: 13/13 MP: 6/6
   691 | D:1      | Reached skill level 5 in Stealth
  1439 | D:2      | Found a sacrificial altar of Ru.
  1559 | D:2      | Reached XP level 3. HP: 16/16 MP: 8/8
  1610 | D:2      | Slain by a worm

Skill      XL: |  1  2 |
---------------+-------+-----
Hexes          | 4 |  4.3
Stealth        | 5 |  5.2
Short Blades   | |  1.6
Throwing       | |  0.1
Dodging        | |  3.1
Spellcasting   | |  2.9

Action                   || total
-------------------------++-------
Melee: Dagger            ||   132
Throw: Stone             ||    12
       Tomahawk          ||    14
 Cast: Corona            ||     6
  Use: Scroll            ||     1
 Stab: Sleeping          ||     4
Armor: Robe              ||     9
Dodge: Dodged            ||   111
Block: Buckler           ||     8
